 Dungeon Crawl Stone Soup version 0.30.0-5-g1a98f26d00 (webtiles) character file.

Game seed: 7822322556904046212

86578 Querens the Eclecticist (level 15, -24/86 HPs)
             Began as a Deep Elf Conjurer on May 10, 2023.
             Was a High Priest of Vehumet.
             Killed from afar by a shock serpent (25 damage)
             ... with a bolt of electricity
             ... on level 2 of the Snake Pit.
             The game lasted 01:51:39 (13955 turns).

Querens the Eclecticist (Deep Elf Conjurer)        Turns: 13955, Time: 01:51:41

Health: -24/86     AC: 14    Str:  4    XL:     15   Next: 41%
Magic:  13/47      EV: 12    Int: 39    God:    Vehumet [*****.]
Gold:   1049       SH:  5    Dex: 16    Spells: 20/48 levels left

rFire   . . .        u - +4 short sword of the Flying Shark {flame, Int+2}
rCold   . . .        j - +0 buckler
rNeg    + . .        o - +1 robe {Archmagi}
rPois   .            t - +0 helmet
rElec   .            H - +2 cloak
rCorr   .            A - +5 pair of gloves of Ytigav {rN+ Dex+3}
SInv    .            p - +0 pair of boots
Will    +....        m - amulet of magic regeneration
Stlth   ++           a - +6 ring of intelligence
HPRegen 0.34/turn    U - ring of magical power
MPRegen 0.70/turn

%: archmagi
@: no status effects
A: no striking features
a: Renounce Religion


You were on level 2 of the Snake Pit.
You worshipped Vehumet.
Vehumet was extremely pleased with you.
You visited 5 branches of the dungeon, and saw 22 of its levels.
You also visited: Ice Cave.

You collected 3467 gold pieces.
You spent 2418 gold pieces at shops.

Inventory:

Hand Weapons
 u - the +4 short sword of the Flying Shark (weapon) {flame, Int+2}
   (You bought it in a shop on level 2 of the Orcish Mines)

   Int:       It affects your intelligence (+2).
Armour
 j - a +0 buckler (worn)
 o - a +1 robe of the Archmagi (worn)
 p - a +0 pair of boots (worn)
 t - a +0 helmet (worn)
 A - the +5 pair of gloves of Ytigav (worn) {rN+ Dex+3}
   (You found it in an ice cave)

   Dex:       It affects your dexterity (+3).
   rN:        It protects you from negative energy.
 H - a +2 cloak (worn)
 M - +0 acid dragon scales
 W - a +1 leather armour of cold resistance
 Z - a +0 troll leather armour
Magical Staves
 F - a staff of death
 X - a staff of earth
Jewellery
 a - a +6 ring of intelligence (left hand)
 c - a ring of protection from fire
 m - an amulet of magic regeneration (around neck)
 n - the ring of Uquleemy {rN+ Slay+4}
   (You found it in an ice cave)

   [ring of slaying]

   Slay:      It affects your accuracy & damage with ranged weapons and melee
   (+4).
   rN:        It protects you from negative energy.
 x - a ring of protection from cold
 E - a ring of wizardry
 U - a ring of magical power (right hand)
 Y - a ring of protection from cold
Wands
 s - a wand of digging (1)
 y - a wand of paralysis (8)
 G - a wand of iceblast (14)
 I - a wand of acid (6)
 O - a wand of mindburst (16)
 P - a wand of polymorph (7)
Scrolls
 e - 3 scrolls of fog
 f - 11 scrolls of teleportation
 g - 5 scrolls of magic mapping
 h - a scroll of fear
 i - 5 scrolls of blinking
 k - a scroll of summoning
 q - 2 scrolls of poison
 r - a scroll of silence
 B - 2 scrolls of immolation
 C - 5 scrolls of enchant weapon
 N - 2 scrolls of enchant armour
 Q - 3 scrolls of identify
 R - 2 scrolls of amnesia
 S - a scroll of brand weapon
Potions
 b - 4 potions of magic
 d - 9 potions of curing
 l - 4 potions of resistance
 v - 9 potions of brilliance
 w - 4 potions of cancellation
 z - 2 potions of might
 D - 4 potions of ambrosia
 J - a potion of heal wounds
 K - 4 potions of mutation
 L - 4 potions of haste
 T - 2 potions of lignification
 V - 3 potions of flight


   Skills:
 + Level 7.3 Fighting
 - Level 2.4 Dodging
 - Level 2.4 Stealth
 - Level 5.0 Shields
 + Level 17.4 Spellcasting
 + Level 15.2 Conjurations
 - Level 10.0 Translocations
 + Level 11.1 Fire Magic
 - Level 10.0 Air Magic
 + Level 6.9 Earth Magic


You had 20 spell levels left.
You knew the following spells:

 Your Spells              Type           Power      Damage    Failure   Level
a - Magic Dart            Conj           100%       1d8       0%          1
b - Searing Ray           Conj           100%       2d8       0%          2
c - Iskenderun's Mystic   Conj/Tloc      100%       2d19      1%          4
d - Fulminant Prism       Conj/Hex       48%        3d21      1%          4
e - Tukima's Dance        Hex            50%        N/A       4%          3
f - Plasma Beam           Fire/Air       54%        2x1d75    1%          6
g - Lehudib's Crystal Sp  Conj/Erth      55%        10d13     26%         8

Your spell library contained the following spells:

 Spells                   Type           Power      Damage    Failure   Level
 Fireball                 Conj/Fire      58%        3d22      1%          5
 Static Discharge         Conj/Air       100%       2-7/arc   0%          2
 Beastly Appendage        Tmut           100%       N/A       1%          1
 Freeze                   Ice            100%       1d10      1%          1
 Slow                     Hex            100%       N/A       1%          1
 Cigotuvi's Dreadful Rot  Necr/Pois/Air  100%       N/A       1%          2
 Dazzling Flash           Conj/Hex       100%       N/A       1%          3
 Frozen Ramparts          Ice            100%       1d16      1%          3
 Gell's Gravitas          Tloc           100%       N/A       1%          3
 Hailstorm                Conj/Ice       96%        3d19      1%          3
 Ignite Poison            Fire/Tmut/Pois 76%        N/A       1%          3
 Inner Flame              Hex/Fire       86%        N/A       1%          3
 Teleport Other           Tloc           100%       N/A       1%          3
 Vhi's Electric Charge    Tloc/Air       100%       N/A       1%          3
 Airstrike                Air            53%        2d(8-24)  1%          4
 Flame Wave               Conj/Fire      100%       2d21      1%          4
 Passage of Golubria      Tloc           100%       N/A       1%          4
 Sticky Flame             Conj/Fire      100%       2d11      1%          4
 Summon Lightning Spire   Summ/Air       83%        N/A       1%          4
 Arcjolt                  Conj/Air       57%        1d67      1%          5
 Freezing Cloud           Conj/Ice/Air   49%        6-21      1%          5
 Iron Shot                Conj/Erth      55%        9d10      1%          6
 Wereblood                Tmut           50%        N/A       2%          2
 Animate Armour           Summ/Erth      100%       N/A       3%          4
 Confusing Touch          Hex            50%        N/A       4%          3
 Ozocubu's Armour         Ice            50%        N/A       4%          3
 Spider Form              Tmut/Pois      50%        N/A       4%          3
 Vampiric Draining        Necr           50%        2d9       4%          3
 Dispersal                Tloc           53%        N/A       4%          6
 Silence                  Hex/Air        41%        N/A       5%          5
 Borgnjor's Vile Clutch   Necr/Erth      37%        N/A       11%         5
 Yara's Violent Unravell  Hex/Tmut       25%        3d11      12%         5
 Animate Dead             Necr           50%        N/A       16%         4
 Blade Hands              Tmut           25%        N/A       41%         5
 Death Channel            Necr           25%        N/A       94%         6
 Ozocubu's Refrigeration  Ice            25%        4d13      95%         7


Dungeon Overview and Level Annotations

Branches:
Dungeon (11/15)            Temple (1/1) D:7            Lair (5/5) D:8
  Swamp (0/4) Lair:2        Snake (3/4) Lair:2        Slime (0/5) Lair:5
    Orc (2/2) D:9             Elf (0/3) Orc:2         IceCv (visited)

Altars:
Ashenzari
Cheibriados
Dithmenos
Elyvilon
Fedhas
Gozag
Hepliaklqana
Kikubaaqudgha
Makhleb
Nemelex Xobeh
Okawaru
Qazlal
Ru
Sif Muna
Trog
Uskayaw
Vehumet
Wu Jian
Xom
Yredelemnul
Zin
The Shining One

Shops:
D:5 *   D:8 *   Orc:2 (?:(??

Annotations:
D:6 2 transporters, rlgrobin's ghost, novice TrFi
Snake:3 Asterion; Louise


Message History

You feel a surge of power!
The bolt of lightning hits the shock serpent.
The shock serpent completely resists.
The fiery plasma misses the shock serpent.
Unknown command.
Casting: Plasma Beam (dangerous; 1% risk of failure)
Confirm with . or Enter, or press ? or * to list all spells.
Casting: Plasma Beam (dangerous; 1% risk of failure)
Press: ? - help, Dir - look around, f - activate You feel a surge of power!
The bolt of lightning hits the shock serpent.
The shock serpent completely resists.
The fiery plasma hits the shock serpent.
The shock serpent is lightly wounded.
The shock serpent's electric aura discharges, shocking you!
Casting: Plasma Beam (dangerous; 1% risk of failure)
Confirm with . or Enter, or press ? or * to list all spells.
You feel a surge of power!
You erupt in a blast of force!
The mystic blast hits the shock serpent!!
The shock serpent is heavily wounded.
The shock serpent is knocked back by the mystic blast.
The shock serpent's electric aura discharges, shocking you!
* * * LOW HITPOINT WARNING * * *
Unknown command.
Casting: Iskenderun's Mystic Blast (safe; 1% risk of failure)
Confirm with . or Enter, or press ? or * to list all spells.
Casting: Plasma Beam (dangerous; 1% risk of failure)
Press: ? - help, Dir - look around, f - activate You feel a surge of power!
The bolt of lightning misses the shock serpent.
The fiery plasma hits the shock serpent!!
The shock serpent is almost dead.
The shock serpent's electric aura discharges, shocking you!
* * * LOW HITPOINT WARNING * * *
The shock serpent shoots out a bolt of lightning at you!
The bolt of electricity misses you. The bolt of electricity hits you!
* * * LOW HITPOINT WARNING * * *
The shock serpent shoots out a bolt of lightning at you!
The bolt of electricity hits you!!
You die...

. ..# ########
....###......#######
.........####......#
....S..@## ###....#
###...### ##...# ###
#..## ## ##.## # ..#
##†## ## ...# ##)##
##. ....# ###.## #..
#..##..## ##..
#...)## #..#


You could see a shock serpent.

Vanquished Creatures
  Kirke (Lair:4)
  Aizul (Snake:1)
  A hydra (Lair:3)
  A salamander tyrant (Snake:2)
  3 catoblepae
  3 ogre magi (Orc:2)
  3 boulder beetles
  9 anacondas
  A deep troll shaman (Lair:5)
  4 death yaks (Lair:5)
  10 naga warriors
  3 shock serpents
  2 naga sharpshooters (Snake:1)
  Nergalle (Orc:2)
  2 skysharks (Lair:5)
  A naga ritualist (Snake:2)
  2 bog bodies (Lair:2)
  An orange crystal statue (Snake:1)
  A lindwurm (Lair:5)
  Pikel (D:4)
  4 mana vipers
  An orc knight (Orc:2)
  6 orc sorcerers (Orc:2)
  2 manticores (Lair:3)
  7 salamanders
  18 elephants
  2 guardian serpents
  24 black mambas
  Joseph (D:9)
  10 naga magi
  2 ice statues (IceCv)
  14 cane toads
  9 komodo dragons
  8 rime drakes
  2 ice devils (D:11)
  A tengu conjurer (D:11)
  3 polar bears
  6 trolls
  2 hornets
  A queen bee (Lair:3)
  Grinder (D:4)
  5 wyverns
  3 shadows
  21 yaks
  A wraith (D:10)
  3 hogs (Lair:4)
  2 basilisks
  2 steam dragons
  27 nagas
  2 wargs
  An acid dragon (D:11)
  6 water moccasins
  13 orc warriors
  3 ice beasts
  3 black bears
  A sky beast (D:7)
  11 wolves
  16 ogres
  5 centaurs
  A phantom (D:5)
  2 lemures (D:4)
  The ghost of rlgrobin the Sneak, an amateur KoBr (D:3)
  12 bullfrogs
  A kobold brigand (D:7)
  A scorpion (D:6)
  10 wights
  23 killer bees (Lair:3)
  An electric eel (Lair:4)
  2 lindwurm simulacra (IceCv)
  A howler monkey (D:10)
  3 lava snakes (Lair:2)
  9 komodo dragon simulacra (IceCv)
  8 hounds
  15 orc priests
  2 quasits (D:7)
  A gnoll bouda (D:8)
  2 sleepcaps
  Jessica (D:2)
  5 iguanas
  Crazy Yiuf (D:7)
  Ijyb (D:4)
  Natasha (thrice) (D:2)
  32 orc wizards
  6 hell rats (Lair:3)
  Robin (D:3)
  7 adders
  4 gnolls (D:8)
  4 acid dragon simulacra (IceCv)
  2 shadow imps (D:5)
  2 white imps (D:7)
  6 steam dragon simulacra (IceCv)
  2 ufetubi
  3 dart slugs
  63 orcs
  5 ball pythons
  5 endoplasms
  2 giant cockroaches (D:1)
  17 goblins
  6 hobgoblins
  13 kobolds
  6 quokkas
  5 bats
  7 frilled lizards
  3 rats
607 creatures vanquished.

Vanquished Creatures (collateral kills)
  An orc knight (Orc:2)
1 creature vanquished.

Vanquished Creatures (others)
  A dancing weapon (Orc:2)
  46 fulminant prisms
47 creatures vanquished.

Grand Total: 655 creatures vanquished

Notes
Turn   | Place    | Note
-------+----------+-------------------------------------------
     0 | D:1      | Querens the Deep Elf Conjurer began the quest for the Orb.
     0 | D:1      | Reached XP level 1. HP: 10/10 MP: 6/6
   195 | D:1      | Reached XP level 2. HP: 15/15 MP: 3/8
   355 | D:2      | Noticed Natasha
   360 | D:2      | Learned a level 2 spell: Searing Ray
   368 | D:2      | Killed Natasha
   369 | D:2      | Reached skill level 4 in Spellcasting
   369 | D:2      | Reached skill level 5 in Conjurations
   369 | D:2      | Reached XP level 3. HP: 11/19 MP: 1/10
   395 | D:2      | Found a faded altar of an unknown god.
   404 | D:2      | Noticed Natasha
   409 | D:2      | Killed Natasha
   661 | D:2      | Reached XP level 4. HP: 24/24 MP: 8/12
   820 | D:2      | Noticed Natasha
   830 | D:2      | Noticed Jessica
   839 | D:2      | Killed Natasha
   840 | D:2      | Killed Jessica
   841 | D:2      | Reached skill level 5 in Spellcasting
   969 | D:2      | Reached skill level 1 in Shields
   998 | D:2      | Reached XP level 5. HP: 28/28 MP: 7/14
  1163 | D:3      | Found a runed translucent gate.
  1163 | D:3      | Found a runed translucent gate.
  1163 | D:3      | Found a runed translucent gate.
  1164 | D:3      | Noticed an ogre
  1171 | D:3      | Noticed rlgrobin's ghost (amateur KoBr)
  1243 | D:3      | Noticed Robin
  1250 | D:3      | Killed Robin
  1341 | D:3      | Reached XP level 6. HP: 29/32 MP: 4/16
  1622 | D:3      | Learned a level 4 spell: Iskenderun's Mystic Blast
  1627 | D:3      | Learned a level 4 spell: Fulminant Prism
  1708 | D:3      | Reached skill level 6 in Spellcasting
  1742 | D:3      | Found a sparkling altar of Nemelex Xobeh.
  1788 | D:3      | Killed rlgrobin's ghost
  1789 | D:3      | Reached skill level 1 in Translocations
  1842 | D:4      | Found a hazy altar of Hepliaklqana.
  1843 | D:4      | Found an ancient bone altar of Kikubaaqudgha.
  1847 | D:4      | Found an iron altar of Okawaru.
  1891 | D:4      | Reached XP level 7. HP: 13/36 MP: 12/18
  2054 | D:4      | Noticed Ijyb
  2063 | D:4      | Killed Ijyb
  2103 | D:4      | Noticed Grinder
  2105 | D:4      | Paralysed by Grinder for 3 turns
  2111 | D:4      | Paralysed by Grinder for 4 turns
  2121 | D:4      | Killed Grinder
  2122 | D:4      | Reached skill level 7 in Spellcasting
  2198 | D:4      | Noticed Pikel
  2221 | D:4      | Killed Pikel
  2222 | D:4      | Reached XP level 8. HP: 41/41 MP: 15/21
  2286 | D:5      | Entered Level 5 of the Dungeon
  2308 | D:5      | Reached skill level 8 in Spellcasting
  2536 | D:5      | Found Mrinemupn's Merry Market.
  2558 | D:5      | Reached skill level 5 in Translocations
  2793 | D:6      | Reached XP level 9. HP: 45/45 MP: 17/23
  2810 | D:6      | Reached skill level 9 in Spellcasting
  2830 | D:6      | Found a transporter.
  2832 | D:6      | Found a transporter.
  2833 | D:6      | Noticed rlgrobin's ghost (novice TrFi)
  2834 | D:6      | Noticed a queen bee
  2926 | D:6      | Found an ornate altar of the Wu Jian Council.
  3145 | D:6      | Reached skill level 5 in Shields
  3322 | D:7      | Noticed a boulder beetle
  3334 | D:7      | Killed a boulder beetle
  3335 | D:7      | Reached skill level 10 in Spellcasting
  3365 | D:7      | Found a runed translucent door.
  3366 | D:7      | Noticed Crazy Yiuf
  3371 | D:7      | Killed Crazy Yiuf
  3513 | D:7      | You fall into a shaft and drop 2 floors!
  3725 | D:8      | Reached XP level 10. HP: 31/50 MP: 15/26
  3729 | D:8      | Found Pewefoar's Assorted Antiques.
  3741 | D:8      | Bought a silvery potion for 24 gold pieces
  3741 | D:8      | Bought a scroll of identify for 54 gold pieces
  3741 | D:8      | Bought a scroll of identify for 54 gold pieces
  3741 | D:8      | Bought an amethyst potion for 24 gold pieces
  3810 | D:8      | Found a sacrificial altar of Ru.
  3872 | D:8      | Reached skill level 11 in Spellcasting
  3873 | D:8      | Reached skill level 10 in Conjurations
  3964 | D:8      | Found a staircase to the Lair.
  4386 | D:7      | Found a staircase to the Ecumenical Temple.
  4395 | Temple   | Entered the Ecumenical Temple
  4402 | Temple   | Became a worshipper of Vehumet
  4734 | D:9      | Found a blossoming altar of Fedhas.
  4804 | D:9      | Noticed Joseph
  4815 | D:9      | Killed Joseph
  4828 | D:9      | Reached skill level 12 in Spellcasting
  4994 | D:9      | Found a staircase to the Orcish Mines.
  5012 | D:9      | Learned a level 3 spell: Tukima's Dance
  5019 | D:9      | Learned a level 6 spell: Plasma Beam
  5048 | Orc:1    | Entered Level 1 of the Orcish Mines
  5055 | Orc:1    | Reached * piety under Vehumet
  5055 | Orc:1    | Offered knowledge of Shock by Vehumet.
  5056 | Orc:1    | Reached skill level 1 in Fire Magic
  5056 | Orc:1    | Reached skill level 1 in Air Magic
  5087 | D:10     | Entered Level 10 of the Dungeon
  5582 | D:10     | Reached XP level 11. HP: 54/54 MP: 15/29
  6185 | D:11     | Noticed a two-headed ogre
  6185 | D:11     | Noticed a boulder beetle
  6306 | D:11     | Found a frozen archway.
  6356 | IceCv    | Entered an ice cave
  6418 | IceCv    | Reached ** piety under Vehumet
  6418 | IceCv    | Offered knowledge of Foxfire by Vehumet.
  6562 | IceCv    | Reached skill level 13 in Spellcasting
  6694 | IceCv    | Noticed an ice dragon
  6887 | IceCv    | Identified the +5 pair of gloves of Ytigav {rN+ Dex+3}
  6922 | IceCv    | Identified the ring of Uquleemy {rN+ Slay+4}
  7097 | D:11     | Killed a boulder beetle
  7098 | D:11     | Reached skill level 10 in Translocations
  7126 | D:11     | Noticed a two-headed ogre
  7368 | D:5      | Bought an amulet of magic regeneration for 420 gold pieces
  7368 | D:5      | Bought a potion of might for 56 gold pieces
  7368 | D:5      | Bought a ring of magical power for 280 gold pieces
  7492 | Orc:1    | Offered knowledge of Static Discharge by Vehumet.
  7493 | Orc:1    | Reached skill level 5 in Fire Magic
  7786 | Orc:2    | Entered Level 2 of the Orcish Mines
  7850 | Orc:2    | Found a staircase to the Elven Halls.
  7880 | Orc:1    | Noticed an orc sorcerer
  7880 | Orc:1    | Noticed an orc sorcerer
  7882 | Orc:1    | Noticed an orc warlord
  7884 | Orc:1    | Reached *** piety under Vehumet
  7885 | Orc:1    | Noticed an orc sorcerer
  7992 | Orc:2    | Noticed an orc knight
  8020 | Orc:2    | Reached XP level 12. HP: 50/59 MP: 27/31
  8063 | Orc:2    | Reached skill level 5 in Air Magic
  8108 | Orc:2    | Offered knowledge of Mephitic Cloud by Vehumet.
  8142 | Orc:2    | Found Pemn's Magic Scroll Shoppe.
  8145 | Orc:2    | Found Kiunn's Magic Scroll Emporium.
  8163 | Orc:2    | Bought a scroll of blinking for 90 gold pieces
  8163 | Orc:2    | Bought a scroll of blinking for 90 gold pieces
  8163 | Orc:2    | Bought a scroll of noise for 12 gold pieces
  8164 | Orc:2    | Bought a scroll of identify for 24 gold pieces
  8164 | Orc:2    | Bought a scroll of identify for 24 gold pieces
  8164 | Orc:2    | Bought a scroll of identify for 24 gold pieces
  8167 | Orc:2    | Bought a scroll of identify for 26 gold pieces
  8167 | Orc:2    | Bought a scroll of identify for 26 gold pieces
  8167 | Orc:2    | Bought a scroll of identify for 26 gold pieces
  8345 | Orc:2    | Reached skill level 1 in Fighting
  8437 | Orc:2    | Found Juufymia's Antique Weapon Emporium.
  8562 | Orc:2    | Paralysed by an orc sorcerer for 5 turns
  8563 | Orc:2    | Reached skill level 14 in Spellcasting
  8571 | Orc:2    | Noticed an ogre mage
  8574 | Orc:2    | Paralysed by an ogre mage for 5 turns
  8581 | Orc:2    | Killed an ogre mage
  8581 | Orc:2    | Reached **** piety under Vehumet
  8586 | Orc:2    | Noticed an ogre mage
  8594 | Orc:2    | Killed an ogre mage
  8638 | Orc:2    | Noticed Nergalle
  8645 | Orc:2    | Noticed an ogre mage
  8648 | Orc:2    | Killed Nergalle
  8649 | Orc:2    | Killed an ogre mage
  8703 | Orc:2    | Found a radiant altar of Vehumet.
  8750 | Orc:2    | Offered knowledge of Volatile Blastmotes by Vehumet.
  8762 | Orc:2    | Found Bionuc's Magic Scroll Shoppe.
  8789 | Orc:2    | Found Dawkeul's Antique Weapon Shoppe.
  8798 | Orc:2    | Found Vefoab's Book Emporium.
  8837 | Orc:2    | Found an ancient bone altar of Kikubaaqudgha.
  8865 | Orc:2    | Bought a scroll of identify for 20 gold pieces
  8865 | Orc:2    | Bought a scroll of identify for 20 gold pieces
  8865 | Orc:2    | Bought a scroll of identify for 20 gold pieces
  8865 | Orc:2    | Bought a scroll of identify for 20 gold pieces
  8865 | Orc:2    | Bought a scroll of identify for 20 gold pieces
  8865 | Orc:2    | Bought a scroll of identify for 20 gold pieces
  8865 | Orc:2    | Bought a scroll of identify for 20 gold pieces
  8866 | Orc:2    | Identified a scroll of acquirement
  8872 | Orc:2    | Acquired 1083 gold pieces
  8883 | Orc:2    | Bought a fading short sword for 240 gold pieces
  8883 | Orc:2    | Identified the +4 short sword of the Flying Shark {flame,
                  | Int+2} (You bought it in a shop on level 2 of the Orcish
                  | Mines)
  9079 | D:5      | Bought a potion of mutation for 112 gold pieces
  9079 | D:5      | Bought a potion of magic for 112 gold pieces
  9079 | D:5      | Bought a book of the Moon for 560 gold pieces
  9158 | Lair:1   | Entered Level 1 of the Lair of Beasts
  9244 | Lair:1   | Learned a level 8 spell: Lehudib's Crystal Spear
  9432 | Lair:1   | Reached XP level 13. HP: 70/70 MP: 33/33
  9625 | Lair:2   | Reached skill level 15 in Spellcasting
  9814 | Lair:2   | Found a staircase to the Snake Pit.
  9939 | Lair:2   | Found a staircase to the Swamp.
 10172 | Lair:3   | Reached ***** piety under Vehumet
 10235 | Lair:3   | Offered knowledge of Eringya's Noxious Bog by Vehumet.
 10614 | Lair:3   | Identified the +1 robe of Moral Flaws {rN+}
 10849 | Lair:4   | Noticed Kirke
 10852 | Lair:4   | Noticed a sphinx
 10854 | Lair:4   | Killed Kirke
 10855 | Lair:4   | Reached skill level 1 in Earth Magic
 10927 | Lair:4   | Reached skill level 5 in Fighting
 11387 | Lair:5   | Entered Level 5 of the Lair of Beasts
 11569 | Lair:5   | Reached skill level 16 in Spellcasting
 11571 | Lair:5   | Reached XP level 14. HP: 71/78 MP: 36/36
 11769 | Lair:5   | Found a staircase to the Slime Pits.
 12152 | Snake:1  | Entered Level 1 of the Snake Pit
 12216 | Snake:1  | Reached skill level 10 in Fire Magic
 12561 | Snake:1  | Identified the +5 scale mail "Inoetho Qomp" {Int+3}
 12887 | Snake:1  | Reached skill level 5 in Earth Magic
 12996 | Snake:1  | Noticed Aizul
 13000 | Snake:1  | Killed Aizul
 13103 | Snake:1  | Offered knowledge of Fireball by Vehumet.
 13457 | Snake:2  | Reached skill level 17 in Spellcasting
 13473 | Snake:2  | Reached XP level 15. HP: 76/85 MP: 38/38
 13499 | Snake:2  | Reached skill level 15 in Conjurations
 13546 | Snake:2  | You fall into a shaft and drop 1 floor!
 13605 | Snake:3  | Noticed Asterion
 13613 | Snake:3  | Noticed Louise
 13660 | Snake:2  | Reached skill level 10 in Air Magic
 13955 | Snake:2  | HP: 1/86 [shock serpent/bolt of electricity (14)]
 13955 | Snake:2  | Killed from afar by a shock serpent

Illustrated notes

Levels and vault maps discovered:
D:1:      co_arrival_square_in_a_square_in_a_square, layout_rooms,
          feat_on_display
D:2:      layout_loops_ring, serial_co_window_serial,
          co_window_of_opportunity_a, co_window_paths_a, co_window_corner_a,
          co_window_corner_a, co_window_of_opportunity_a, co_window_corner_ca,
          co_window_2corner, co_window_of_opportunity_b, co_window_4corner_b,
          glass_columns_a, glass_columns_a, ebering_ecumenical_altar_hall,
          uniq_jessica, uniq_natasha
D:3:      layout_loops_ring, mainiacjoe_overflow_boulevard,
          gammafunk_ghost_split, dk_noncrumbling_4, uniq_robin
D:4:      layout_basic, gammafunk_temple_overflow_forgotten, uniq_grinder,
          uniq_ijyb, uniq_pikel
D:5:      layout_cave_pools, nicolae_alphabet_shops, kennysheep_generic_room_13
D:6:      layout_basic, mainiacjoe_overflow_surrounded_room,
          gammafunk_ghost_hive
D:7:      cheibrodos_quashed, layout_basic, minmay_temple_entry_tees,
          minmay_misc_feat_room, uniq_crazy_yiuf_cottage
D:8:      layout_basic, mainiacjoe_overflow_24_doors, hellmonk_lair_entry_icy,
          serial_shops, shop, nicolae_grassy_gnolls
D:9:      layout_roguey, fedhas_altar_4, minmay_orc_entry_temple_small,
          uniq_joseph
D:10:     layout_stronghold
D:11:     lemuel_reptile_caves, layout_basic, portal_ice_cave_demonic_guard,
          lemuel_old_faithful
Temple:   nicolae_temple_no_exploring_needed
Lair:1:   layout_gridlike, nicolae_quartered_pool_super,
          nicolae_lair_grove_arrangements, grunt_megastairs_2
Lair:2:   layout_concentric_octagons, skrybe_swamp_entry_bodies,
          nicolae_snake_entry_warm_welcome, cheibrodos_lair_reptile_den
Lair:3:   nzn_motion_control, layout_cave_pods, special_room [special_room_bee]
Lair:4:   layout_loops_ring, serial_bayou_shore_a, uniq_kirke
Lair:5:   grunt_lair_end_beastmaster, layout_regular_city, slime_entry_1
Snake:1:  layout_grid_maze, dpeg_stationary_puzzle, uniq_aizul
Snake:2:  layout_layer_cave
Snake:3:  layout_cave_town, lemuel_fruit_tree, uniq_bai_suzhen, uniq_asterion,
          uniq_louise
Orc:1:    layout_caves
Orc:2:    kennysheep_orc_mage_school, layout_caves, serial_shops, shop,
          nicolae_shop_tiny_waterfront

Skill      XL: |  1  2  3  4  5  6  7  8  9 10 11 12 13 14 15 |
---------------+----------------------------------------------+-----
Spellcasting   | 4 5 6 7 8 10 12 13 14 16 17 | 17.4
Conjurations   | 5 6 7 8 9 11 12 13 14 15 | 15.2
Shields        | 1 2 3 4 5 |  5.0
Translocations | 1 4 5 7 9 10 | 10.0
Fire Magic     | 2 5 7 9 10 11 | 11.1
Air Magic      | 1 4 6 8 9 10 | 10.0
Fighting       | 3 5 6 7 |  7.3
Earth Magic    | 3 6 |  6.9
Dodging        | |  2.4
Stealth        | |  2.4

Action                     |  1- 3 |  4- 6 |  7- 9 | 10-12 | 13-15 || total
---------------------------+-------+-------+-------+-------+-------++-------
  Melee: Unarmed           |     1 |       |       |       |       ||     1
         Short sword       |       |    60 |    53 |    89 |    25 ||   227
   Cast: Magic Dart        |    23 |    12 |     6 |     9 |     1 ||    51
         Searing Ray       |     3 |    21 |    46 |    54 |     1 ||   125
         Iskenderun's Myst |       |       |     8 |   132 |   116 ||   256
         Fulminant Prism   |       |       |       |    42 |     4 ||    46
         Tukima's Dance    |       |       |       |     7 |       ||     7
         Plasma Beam       |       |       |       |       |   145 ||   145
  Evoke: Wand              |       |       |     5 |    26 |     1 ||    32
    Use: Scroll            |       |     1 |     2 |    22 |     7 ||    32
         Potion            |       |       |       |     6 |     1 ||     7
   Stab: Sleeping          |       |     2 |     1 |     3 |       ||     6
         Paralysed         |       |       |    12 |    16 |     4 ||    32
 Armour: Robe              |     2 |    21 |       |     7 |    33 ||    63
         Leather armour    |       |       |     6 |       |       ||     6
         Steam dragon scal |       |       |    16 |    55 |       ||    71
  Dodge: Dodged            |     2 |    54 |    88 |   155 |    45 ||   344
  Block: Buckler           |     1 |    24 |    23 |    45 |    18 ||   111
